 Dungeon Crawl Stone Soup version 0.27-a0-679-g77a6b55cf3 (webtiles) character file.

Game seed: 517026935251897703

256 mdonais the Shooter (level 5, -1/31 HPs)
             Began as a Deep Elf Hunter on Mar 18, 2021.
             Was an Initiate of Ashenzari.
             Slain by an orc wizard
             ... wielding a +3 dagger
              (3 damage)
             ... on level 2 of the Dungeon.
             The game lasted 00:19:02 (4434 turns).

mdonais the Shooter (Deep Elf Hunter)               Turns: 4434, Time: 00:19:02

Health: -1/31      AC:  5    Str: 10    XL:     5   Next: 92%
Magic:  7/7        EV: 11    Int: 16    God:    Ashenzari [......]
Gold:   86         SH:  0    Dex: 15    Spells: 4/4 levels left

rFire    . . .     SeeInvis +   a - +1 shortbow
rCold    . . .     Faith    .   (shield currently unavailable)
rNeg     + . .     Spirit   .   e - +0 ring mail {rN+}
rPois    +         Reflect  .   (no helmet)
rElec    .         Harm     .   (no cloak)
rCorr    .         Rampage  .   (no gloves)
Will     .....                  (no boots)
Stlth    ++........             (no amulet)
HPRegen  0.10/turn              o - ring of poison resistance
MPRegen  0.10/turn              s - ring of see invisible

@: no status effects
A: no striking features
a: Renounce Religion


You were on level 2 of the Dungeon.
You worshipped Ashenzari.
Ashenzari was noncommittal.
You visited 1 branch of the dungeon, and saw 3 of its levels.

You collected 86 gold pieces.

Inventory:

Hand Weapons
 a - a +1 shortbow (weapon)
 b - a +1 hand axe of draining
   (You found it on level 2 of the Dungeon)
 q - a +0 short sword
Missiles
 d - 68 arrows (quivered ammo)
 i - a throwing net {=!f}
 j - 94 stones
Armour
 c - a +0 leather armour
 e - a +0 ring mail of positive energy (worn)
   (You took it off an orc on level 3 of the Dungeon)
Jewellery
 o - a ring of poison resistance (right hand)
   (You found it on level 2 of the Dungeon)
 s - a ring of see invisible (left hand)
   (You found it on level 2 of the Dungeon)
Scrolls
 h - a scroll of enchant armour
 l - a scroll of fog
 M - a scroll of magic mapping
 T - 2 scrolls of teleportation
Potions
 f - a potion of brilliance
 n - 2 potions of attraction


   Skills:
 + Level 2.7 Fighting
 - Level 0.4 Short Blades
 + Level 7.1 Bows
 - Level 0.3 Throwing
 - Level 0.2 Armour
 + Level 3.9 Dodging
 + Level 3.3 Stealth


You had 4 spell levels left.
You didn't know any spells.
Your spell library was empty.

Dungeon Overview and Level Annotations

Branches:
Dungeon (3/15)

Altars:
Ashenzari

Annotations:
D:1 potion need fly


Message History

You barely miss the orc. The orc hits you. The orc hits you but does no damage.
You take 2 damage, and have 20/31 hp.
You hit the orc. You drain the orc.
The orc is heavily wounded.
The orc barely misses you.
You barely miss the orc.
The orc is moderately wounded.
The orc misses you.
You closely miss the orc.
The orc is moderately wounded.
The orc hits you.
You take 1 damage, and have 19/31 hp.
You hit the orc.
The orc is heavily wounded.
The orc misses you. The orc hits you.
You take 3 damage, and have 16/31 hp.
You slash the orc!
You kill the orc!
You start resting.
HP restored.
Health restored: 31 You climb downwards.
The orc closely misses you.
There is a stone staircase leading up, spattered with blood here.
The orc hits you with a +0 club.
You climb upwards.
There is a stone staircase leading down, spattered with blood here.
You take 4 damage, and have 27/31 hp.
You barely miss the orc. The orc hits you with a +0 club.
The orc hits you but does no damage.
You take 1 damage, and have 26/31 hp.
You hit the orc. You drain the orc.
You kill the orc!
No target in view!
No target in view!
You start resting.
HP restored.
Health restored: 31 You climb downwards.
There is a stone staircase leading up, spattered with blood here.
a - a +1 shortbow (weapon)
You shoot an arrow. The arrow barely misses the orc wizard.
You shoot an arrow.
The arrow closely misses the orc wizard.
The arrow hits the orc.
The orc is severely wounded.
The orc wizard gestures at you while chanting.
You resist with some effort.
You shoot an arrow. The arrow barely misses the orc.
The orc wizard gestures at you while chanting.
You are confused.
The orc hits you from afar with a +0 trident.
In your confused state, you trip and fall back down the stairs.
The orc barely misses you.
The orc wizard points at itself and mumbles some strange words.
The orc wizard flickers and vanishes for a moment.
You take 6 damage, and have 25/31 hp.
The orc hits you from afar with a +0 trident.
The orc wizard completely misses you.
You climb upwards.
There is a stone staircase leading down, spattered with blood here.
You take 3 damage, and have 22/31 hp.
You are too confused!
The orc wizard hits you with a +3 dagger.
You see here a +0 leather armour.
You take 3 damage, and have 19/31 hp.
You feel less confused.
The orc wizard points at you and mumbles some strange words.
You are confused.
Okay, then.
You sense an unholy aura.
b - a +1 hand axe of draining (weapon)
The orc wizard misses you.
You miss the orc wizard.
The orc wizard hits you with a +3 dagger.
You take 1 damage, and have 18/31 hp.
You bump into the rock wall.
The orc wizard casts a spell at you. The magic dart hits you!
You take 7 damage, and have 11/31 hp.
MASSIVE DAMAGE!!
The orc wizard hits you with a +3 dagger.
* * * LOW HITPOINT WARNING * * *
You take 4 damage, and have 7/31 hp.
You are more confused.
You feel invigorated.
The orc wizard hits you with a +3 dagger.
* * * LOW HITPOINT WARNING * * *
You regained 2 hp, and now have 9/31 hp.
You regained 4 hp, and now have 13/31 hp.
You closely miss the orc wizard.
The orc wizard hits you with a +3 dagger.
You regained 5 hp, and now have 18/31 hp.
You feel less invigorated.
You regained 5 hp, and now have 23/31 hp.
You bump into the rock wall.
The orc wizard hits you with a +3 dagger.
You take 6 damage, and have 17/31 hp.
You bump into the rock wall.
You feel less confused. The orc wizard closely misses you.
The orc wizard barely misses you.
The orc wizard points at you and mumbles some strange words.
You are confused.
You bump into the rock wall.
The orc wizard casts a spell at you. The puff of flame hits you!
* * * LOW HITPOINT WARNING * * *
You take 11 damage, and have 6/31 hp.
MASSIVE DAMAGE!!
You bump into the rock wall.
You feel less confused.
a - a +1 shortbow (weapon)
Fire: 74 arrows
Press: ? - help, Q - select action, (/) - cycle Shift-Dir - straight line, f - orc wizard
Aim: an orc wizard, wielding a +3 dagger and wearing a +0 robe (58% to hit)
You shoot an arrow.
The arrow hits the orc wizard but does no damage.
Fire: 73 arrows
Press: ? - help, Q - select action, (/) - cycle Shift-Dir - straight line, f/p - orc wizard
Aim: an orc wizard, wielding a +3 dagger and wearing a +0 robe (58% to hit)
You shoot an arrow.
The arrow closely misses the orc wizard.
The orc wizard misses you.
Fire: 72 arrows
Press: ? - help, Q - select action, (/) - cycle Shift-Dir - straight line, f/p - orc wizard
Aim: an orc wizard, wielding a +3 dagger and wearing a +0 robe (58% to hit)
You shoot an arrow. The arrow hits the orc wizard.
The orc wizard is moderately wounded.
The orc wizard hits you with a +3 dagger.
* * * LOW HITPOINT WARNING * * *
You take 2 damage, and have 5/31 hp.
Fire: 71 arrows
Press: ? - help, Q - select action, (/) - cycle Shift-Dir - straight line, f/p - orc wizard
Aim: an orc wizard, wielding a +3 dagger and wearing a +0 robe (moderately wounded, 58% to hit)
You shoot an arrow.
The arrow closely misses the orc wizard.
The orc wizard casts a spell at itself.
The orc wizard flickers and vanishes for a moment.
Fire: 70 arrows
Press: ? - help, Q - select action, (/) - cycle Shift-Dir - straight line, f/p - orc wizard
Aim: an orc wizard, wielding a +3 dagger and wearing a +0 robe (moderately wounded, slightly transparent, 58% to hit)
You shoot an arrow. The arrow hits the orc wizard.
The orc wizard is severely wounded.
The orc wizard hits you with a +3 dagger.
* * * LOW HITPOINT WARNING * * *
You take 3 damage, and have 2/31 hp.
Fire: 69 arrows
Press: ? - help, Q - select action, (/) - cycle Shift-Dir - straight line, f/p - orc wizard
Aim: an orc wizard, wielding a +3 dagger and wearing a +0 robe (severely wounded, slightly transparent, 58% to hit)
You shoot an arrow. The arrow barely misses the orc wizard.
The orc wizard hits you with a +3 dagger.
You die...

### ### ### ###
############.###.# #.#####.#
................@# #.......#
################o#######.#####.#
#........#(......#.# #.#
#.######.#...###.#.# #.#
#.#....#.#.#.###.#.# #.#
#.#.##.#.#.......#.# #.#
#.#.##.#.###.#####.# #.#
#######.#.##.#.....).....# #.#
.................[>###########.#


You could see an orc wizard (invisible).

Vanquished Creatures
  An ogre (D:3)
  A hound (D:3)
  6 adders
  An adder skeleton (D:3)
  A worm (D:2)
  A dart slug (D:3)
  12 orcs
  4 bats
  4 giant cockroaches
  5 goblins
  5 hobgoblins
  8 jackals
  3 quokkas (D:2)
  3 ball pythons
  4 frilled lizards
  4 kobolds
  4 rats
67 creatures vanquished.

Notes
Turn   | Place    | Note
-------+----------+-------------------------------------------
     0 | D:1      | mdonais the Deep Elf Hunter began the quest for the Orb.
     0 | D:1      | Reached XP level 1. HP: 12/12 MP: 3/3
   439 | D:1      | Reached XP level 2. HP: 16/17 MP: 4/4
  1067 | D:2      | Reached skill level 6 in Bows
  1660 | D:2      | Reached XP level 3. HP: 20/21 MP: 5/5
  2242 | D:2      | Found a broken altar of Ashenzari.
  2246 | D:2      | Saw a vision of the Shoals and the Snake Pit.
  2246 | D:2      | Noticed a merfolk
  2246 | D:2      | Noticed a merfolk
  2246 | D:2      | Noticed a naga sharpshooter
  2246 | D:2      | Noticed a shock serpent
  2246 | D:2      | Noticed a naga sharpshooter
  2246 | D:2      | Noticed a merfolk
  2246 | D:2      | Noticed an anaconda
  2246 | D:2      | Noticed a wind drake
  2246 | D:2      | Noticed a mana viper
  2246 | D:2      | Noticed a black mamba
  2246 | D:2      | Noticed a naga sharpshooter
  2246 | D:2      | Noticed a sea snake
  2248 | D:2      | Noticed a sea snake
  2249 | D:2      | Noticed a merfolk
  2265 | D:2      | Became a worshipper of Ashenzari the Shackled
  2336 | D:2      | Reached XP level 4. HP: 25/26 MP: 6/6
  2499 | D:3      | HP: 1/26 [hound (1)]
  2517 | D:3      | HP: 1/26 [hound (1)]
  3359 | D:3      | Noticed an ogre
  3528 | D:3      | Reached XP level 5. HP: 29/31 MP: 7/7
  3587 | D:3      | Killed an ogre
  3588 | D:3      | Reached skill level 7 in Bows
  4434 | D:2      | Slain by an orc wizard

Illustrated notes

Levels and vault maps discovered:
D:1:      dpeg_arrival_brainrot, layout_basic
D:2:      layout_basic, grunt_ashenzari_visionary
          [grunt_ashenzari_visionary_shoals, grunt_ashenzari_visionary_snake]
D:3:      layout_basic, uniq_grinder

Skill      XL: |  1  2  3  4  5 |
---------------+----------------+-----
Bows           | 6 7 |  7.1
Fighting       | 2 |  2.7
Dodging        | 3 |  3.9
Stealth        | 2 3 |  3.3
Short Blades   | |  0.4
Throwing       | |  0.3
Armour         | |  0.2

Action                   |  1- 3 |  4- 6 || total
-------------------------+-------+-------++-------
Melee: Short sword       |    72 |       ||    72
       Hand axe          |     3 |    97 ||   100
 Fire: Shortbow          |    56 |    49 ||   105
Throw: Stone             |    18 |       ||    18
  Use: Potion            |       |     2 ||     2
       Scroll            |       |     1 ||     1
Armor: Leather armour    |    17 |     8 ||    25
       Ring mail         |       |    17 ||    17
Dodge: Dodged            |    87 |    60 ||   147

Table legend: (Time is in decaauts)
 A = Elapsed time spent in this place.
 B = Non-inter-level travel time spent in this place.
 C = Inter-level travel time spent in this place.
 D = Time resting spent in this place.
 E = Time spent auto-exploring this place.
 F = Levels seen in this place.
 G = Mean time per level.
                   A        B        C        D        E       F      G
               +--------+--------+--------+--------+--------+-----+--------+
         Total |   4435 |   4255 |    180 |   1622 |   1558 |   3 | 1478.3 |
       Dungeon |   4435 |   4255 |    180 |   1622 |   1558 |   3 | 1478.3 |
               +--------+--------+--------+--------+--------+-----+--------+

Top non-repeatable levels by time:
     D:2: 1914 daAuts
     D:1: 1461 daAuts
     D:3: 1059 daAuts
